 Dungeon Crawl Stone Soup version 0.24.1 (console) character file.

Game seed: 7566476521601957062, levelgen mode: deterministic

311 OTRawrior the Conjurer (level 6, 0/32 HPs)
             Began as a Deep Elf Conjurer on Mar 27, 2020.
             Slain by a centaur (7 damage)
             ... on level 4 of the Dungeon.
             The game lasted 00:11:23 (2759 turns).

OTRawrior the Conjurer (Deep Elf Conjurer)          Turns: 2759, Time: 00:11:23

Health: 0/32       AC:  3    Str:  7    XL:     6   Next: 18%
Magic:  1/13       EV: 13    Int: 20    God:
Gold:   206        SH:  0    Dex: 15    Spells: 2/12 levels left

rFire    . . .     SeeInvis .   e - +1 short sword
rCold    . . .     Gourm    .   (no shield)
rNeg     . . .     Faith    .   a - +0 robe
rPois    .         Spirit   .   (no helmet)
rElec    .         Reflect  .   d - +0 cloak
rCorr    .         Harm     .   (no gloves)
MR       .....                  (no boots)
Stlth    ++........             (no amulet)
HPRegen  0.10/turn              (no ring)
MPRegen  0.13/turn              (no ring)

@: very slightly contaminated
A: no striking features
a: no special abilities


You were on level 4 of the Dungeon.
You were not hungry.

You visited 1 branch of the dungeon, and saw 4 of its levels.

You collected 206 gold pieces.

Inventory:

Hand Weapons
 e - a +1 short sword (weapon)
Armour
 a - a +0 robe (worn)
 d - a +0 cloak (worn)
Scrolls
 f - 6 scrolls of identify {unknown}
 g - 2 scrolls of blinking {unknown}
 h - a scroll of noise {unknown}
 i - 2 scrolls of fog {unknown}
 k - 3 scrolls of teleportation {unknown}
 l - a scroll of remove curse {unknown}
 n - a scroll of fear {unknown}
Potions
 j - 2 potions of degeneration {unknown}
 m - 2 potions of might {unknown}
 o - a potion of cancellation {unknown}
 p - 3 potions of flight {unknown}
 q - a potion of heal wounds {unknown}
 r - a potion of lignification {unknown}
 s - a potion of resistance {unknown}
Comestibles
 c - 7 rations
 t - a chunk of flesh


   Skills:
 - Level 2.4 Dodging
 - Level 2.4 Stealth
 + Level 3.9 Spellcasting
 * Level 7.6 Conjurations
 + Level 2.3 Hexes


You had 2 spell levels left.
You knew the following spells:

 Your Spells              Type           Power        Failure   Level  Hunger
a - Magic Dart            Conj           ####         1%          1    None
b - Searing Ray           Conj           ####..       1%          2    ##.....
c - Dazzling Spray        Conj/Hex       ###...       4%          3    ###....
d - Iskenderun's Mystic   Conj           ####....     5%          4    ####...

Your spell library contained the following spells:

 Spells                   Type           Power        Failure   Level  Hunger
 Fulminant Prism          Conj/Hex       ###.......   17%         4    ####...
 Force Lance              Conj/Tloc      ###.....     26%         4    ####...


Dungeon Overview and Level Annotations

Branches:
Dungeon (4/15)
 Temple: D:4-7

Altars:
Hepliaklqana
Ru
Sif Muna
Wu Jian
Xom


Message History

Aim: a centaur (almost dead)
The magic dart hits the centaur.
The centaur is almost dead.
The centaur hits you!
Casting: Magic Dart (safe; 1% risk of failure)
Confirm with . or Enter, or press ? or * to list all spells.
You don't have enough magic to cast that spell.
Unknown command.
You hit the centaur but do no damage.
The centaur is almost dead.
The centaur misses you. The centaur hits you!
* * * LOW HITPOINT WARNING * * *
You barely miss the centaur.
The centaur is almost dead.
The centaur misses you.
As you read the scroll labeled JAX NOJASMO, it crumbles to dust.
It is a scroll of enchant weapon.
Your +0 short sword glows red for a moment.
The centaur hits you!
You die...

#........# ####......### .. ...
#.#.........#... ... .
#.#.........#... .. ..
#.............. .. ...
##...........# .# ....
#...........# .#.....
#...........# ##c......
##..........####@.#......#.###...
#...........##..(........ ...#...
...............##........##......
..............<...[..............
...........###............. .....
......##...##............## #....
...........#..............# #....
#.##...#...#..............####...
#..#####.........................


You could see a centaur.

Vanquished Creatures
  A scorpion (D:4)
  A howler monkey (D:4)
  A hound (D:3)
  Terence (D:3)
  Jessica (D:3)
  A worker ant (D:4)
  An iguana (D:4)
  4 adders (D:3)
  An ooze (D:3)
  2 worms
  A leopard gecko (D:1)
  4 orcs
  8 bats
  3 giant cockroaches
  3 goblins
  2 hobgoblins (D:3)
  4 jackals (D:1)
  7 kobolds
  A frilled lizard (D:1)
  9 rats
56 creatures vanquished.

Notes
Turn   | Place    | Note
-------+----------+-------------------------------------------
     0 | D:1      | OTRawrior the Deep Elf Conjurer began the quest for the
                  | Orb.
     0 | D:1      | Reached XP level 1. HP: 10/10 MP: 6/6
   229 | D:1      | Reached XP level 2. HP: 15/15 MP: 4/8
   233 | D:1      | Learned a level 2 spell: Searing Ray
   277 | D:1      | Reached skill level 5 in Conjurations
   878 | D:2      | You fall into a shaft and drop 2 floors!
   883 | D:4      | Noticed a howler monkey
   887 | D:3      | Noticed Jessica
   893 | D:3      | Reached XP level 3. HP: 15/19 MP: 4/9
   916 | D:3      | Killed Jessica
   916 | D:3      | Reached skill level 6 in Conjurations
   994 | D:3      | Learned a level 3 spell: Dazzling Spray
  1007 | D:3      | Noticed Terence
  1018 | D:3      | Killed Terence
  1018 | D:3      | Reached XP level 4. HP: 21/24 MP: 2/10
  1291 | D:2      | Found a shimmering altar of Xom.
  1401 | D:2      | Found an ornate altar of the Wu Jian Council.
  1502 | D:2      | Found a shimmering blue altar of Sif Muna.
  1656 | D:3      | Found a sacrificial altar of Ru.
  1794 | D:3      | Reached XP level 5. HP: 28/28 MP: 6/11
  1950 | D:3      | Reached skill level 7 in Conjurations
  2066 | D:3      | Found a hazy altar of Hepliaklqana.
  2243 | D:4      | Reached skill level 1 in Hexes
  2610 | D:4      | Reached XP level 6. HP: 23/32 MP: 5/13
  2684 | D:4      | Learned a level 4 spell: Iskenderun's Mystic Blast
  2759 | D:4      | Slain by a centaur

Levels and vault maps discovered:
D:1:      mrwooster_arrival_arrow, layout_loops_ring, st_stairs_6
D:2:      layout_rooms, nicolae_overflow_crystal_walls, led_sif_pool,
          lemuel_crystal_altar
D:3:      layout_loops_ring, lemuel_coloured_pillars_altar, first_ration,
          kennysheep_doodads, hangedman_ru_absence, uniq_terence, uniq_jessica
D:4:      layout_rooms

Skill      XL: |  1  2  3  4  5 |
---------------+----------------+-----
Conjurations   | 5 6 7 |  7.6
Hexes          | 2 |  2.3
Dodging        | |  2.4
Stealth        | |  2.4
Spellcasting   | |  3.9

Action                   |  1- 3 |  4- 6 || total
-------------------------+-------+-------++-------
Melee: Short sword       |     2 |    11 ||    13
 Cast: Magic Dart        |    38 |    53 ||    91
       Searing Ray       |     4 |     5 ||     9
       Iskenderun's Myst |       |     1 ||     1
       Dazzling Spray    |       |     1 ||     1
  Use: Scroll            |       |     1 ||     1
 Stab: Sleeping          |     1 |       ||     1
  Eat: Chunk             |       |     6 ||     6
Armor: Robe              |     2 |     2 ||     4
Dodge: Dodged            |    10 |    17 ||    27
